 Dungeon Crawl Stone Soup version 0.23-a0-644-gb60d84b (webtiles) character file.

410 TheGoonsmith the Cudgeler (level 6, -10/48 HPs)
             Began as a Demonspawn Gladiator on Jan 1, 2019.
             Was an Initiate of Nemelex Xobeh.
             Mangled by an ogre
             ... wielding a +0 giant club
              (23 damage)
             ... on level 5 of the Dungeon.
             The game lasted 00:07:15 (5247 turns).

TheGoonsmith the Cudgeler (Demonspawn Gladiator)    Turns: 5247, Time: 00:07:15

Health: -10/48     AC: 11    Str: 16    XL:     6   Next: 58%
Magic:  6/6        EV:  7    Int:  9    God:    Nemelex Xobeh [......]
Gold:   154        SH:  0    Dex: 15    Spells: 5/5 levels left

rFire    . . .     SeeInvis .   a - +0 flail
rCold    . . .     Gourm    .   (no shield)
rNeg     . . .     Faith    .   w - +0 plate armour
rPois    .         Spirit   .   c - +0 helmet
rElec    .         Reflect  .   (no cloak)
rCorr    .         Harm     .   (no gloves)
MR       .....                  (no boots)
Stlth    ..........             (no amulet)
HPRegen  0.16/turn              (no ring)
MPRegen  0.10/turn              (no ring)

@: no status effects
A: talons 2, nightstalker 1, sturdy frame 1
a: Draw Escape, Draw Destruction, Draw Summoning, Renounce Religion


You were on level 5 of the Dungeon.
You worshipped Nemelex Xobeh.
Nemelex Xobeh was noncommittal.
You were not hungry.

You visited 2 branches of the dungeon, and saw 6 of its levels.

You collected 154 gold pieces.

Inventory:

Hand Weapons
 a - a +0 flail (weapon)
 b - a +0 hunting sling
Missiles
 d - 3 throwing nets (quivered)
 k - 148 stones
 l - 55 arrows
Armour
 c - a +0 helmet (worn)
 q - a +0 leather armour
 w - a +0 plate armour (worn)
Jewellery
 g - an uncursed ring of fire {unknown}
 s - a cursed ring of attention {unknown}
 v - a +3 ring of strength {unknown}
Scrolls
 h - a scroll of blinking {unknown}
 i - 2 scrolls of fog {unknown}
 j - 2 scrolls of remove curse {unknown}
 m - 4 scrolls of teleportation {unknown}
 n - a scroll of immolation {unknown}
 o - a scroll of enchant weapon {unknown}
 p - 4 scrolls of identify {unknown}
 u - a scroll of enchant armour {unknown}
Potions
 e - 4 potions of flight
 r - a potion of curing {unknown}
 t - a potion of brilliance {unknown}
Comestibles
 f - 8 rations


   Skills:
 - Level 4.0 Fighting
 * Level 6.0 Maces & Flails
 - Level 1.7 Throwing
 - Level 2.6 Dodging


You had 5 spell levels left.
You didn't know any spells.
Your spell library contained the following spells:

 Spells                   Type           Power        Failure   Level  Hunger
 Confusing Touch          Hex            #.....       100%        1    ##.....
 Confuse                  Hex            #.......     100%        3    ####...
 Gell's Gravitas          Tloc           #.........   100%        3    ####...
 Petrify                  Tmut/Erth      #.......     100%        4    #####..
 Metabolic Englaciation   Hex/Ice        #.........   100%        5    ######.
 Yara's Violent Unravell  Hex/Tmut       #.........   100%        5    ######.


Dungeon Overview and Level Annotations

Branches:
Dungeon (5/15)             Temple (1/1) D:5

Altars:
Ashenzari
Cheibriados
Dithmenos
Elyvilon
Fedhas
Gozag
Hepliaklqana
Kikubaaqudgha
Makhleb
Nemelex Xobeh
Okawaru
Qazlal
Sif Muna
Trog
Uskayaw
Vehumet
Wu Jian
Xom
Yredelemnul
Zin
The Shining One


Innate Abilities, Weirdness & Mutations

You have razor-sharp toenails.
You are slightly more attuned to the shadows.
Your movements are slightly less encumbered by armour. (ER -2)


Message History

The ogre is lightly wounded.
a - a +0 flail (weapon)
You hit the ogre. You claw the ogre.
The ogre is heavily wounded.
The ogre hits you but does no damage.
Your plate armour prevents you from hitting the ogre.
The ogre is heavily wounded.
The ogre hits you with a +0 giant club!!
You barely miss the ogre. You claw the ogre.
The ogre is heavily wounded.
You barely miss the ogre. You claw the ogre.
The ogre is severely wounded.
The ogre hits you with a +0 giant club!
* * * LOW HITPOINT WARNING * * *
You are too injured to fight recklessly!
You hit the ogre. You claw the ogre.
The ogre is almost dead.
The ogre hits you with a +0 giant club!!
You die...
Your body disappears without a glow.

##### ## #####...#
.# .......# .#
..(..# .######
#...# .....># ##@#
......## ####.O#
.......#####.....#
................(#
.......#########(.#
......## ...#
.....## ...# ....##
... ....# ..


You could see an ogre.

Vanquished Creatures
  An ogre (D:3)
  A crimson imp (D:5)
  A centaur zombie (D:5)
  An orc wizard (D:3)
  3 worker ants
  3 gnolls (D:2)
  4 adders
  3 worms
  A dart slug (D:2)
  3 leopard geckos
  4 orcs
  14 bats
  6 giant cockroaches
  5 goblins
  9 hobgoblins
  2 jackals (D:2)
  2 quokkas
  3 frilled lizards
  8 kobolds
  8 rats
82 creatures vanquished.

Notes
Turn   | Place    | Note
-------+----------+-------------------------------------------
     0 | D:1      | TheGoonsmith the Demonspawn Gladiator began the quest for
                  | the Orb.
     0 | D:1      | Reached XP level 1. HP: 16/16 MP: 1/1
   113 | D:1      | Reached skill level 3 in Maces & Flails
   159 | D:1      | Gained mutation: Your movements are slightly less
                  | encumbered by armour. (ER -2) [demonic ancestry]
   159 | D:1      | Reached XP level 2. HP: 22/22 MP: 2/2
  1208 | D:2      | Gained mutation: You have sharp toenails. [demonic
                  | ancestry]
  1208 | D:2      | Reached XP level 3. HP: 7/28 MP: 3/3
  1224 | D:2      | HP: 2/42 [poisoned by a worker ant]
  1232 | D:2      | HP: 2/42 [poisoned by a worker ant]
  1629 | D:3      | Reached skill level 4 in Maces & Flails
  1652 | D:3      | Gained mutation: You have razor-sharp toenails. [demonic
                  | ancestry]
  1652 | D:3      | Reached XP level 4. HP: 24/34 MP: 4/4
  1796 | D:3      | Noticed an ogre
  1805 | D:3      | Killed an ogre
  1805 | D:3      | Gained mutation: You are slightly more attuned to the
                  | shadows. [demonic ancestry]
  1805 | D:3      | Reached XP level 5. HP: 8/41 MP: 5/5
  2506 | D:3      | Reached skill level 5 in Maces & Flails
  3388 | D:4      | Reached XP level 6. HP: 37/48 MP: 6/6
  3985 | D:5      | Entered Level 5 of the Dungeon
  4831 | D:5      | Reached skill level 6 in Maces & Flails
  4917 | D:5      | Found a staircase to the Ecumenical Temple.
  4936 | Temple   | Entered the Ecumenical Temple
  5033 | Temple   | Became a worshipper of Nemelex Xobeh the Trickster
  5247 | D:5      | Mangled by an ogre

Vault maps used:
D:1:      sevenhm_arrival_forest_fort_large_2, kennysheep_flooded_box,
          minmay_tripent
D:3:      serial_rivers, chequers_serial_rivers_large_a,
          chequers_serial_rivers_micro_d, chequers_serial_rivers_small_b,
          chequers_serial_rivers_small_3, serial_bayou_lake_a
D:4:      first_ration
D:5:      nicolae_ru_great_annihilating_truth, minmay_temple_entry_butterflies,
          uniq_grinder, uniq_sigmund, uniq_blork_the_orc,
          uniq_crazy_yiuf_cottage
Temple:   minmay_crystal_snake_temple

Skill      XL: |  1  2  3  4  5  6 |
---------------+-------------------+-----
Maces & Flails | 3 4 5 6 |  6.0
Fighting       | 3 4 |  4.0
Throwing       | |  1.7
Dodging        | |  2.6

Action                   |  1- 3 |  4- 6 || total
-------------------------+-------+-------++-------
Melee: Flail             |    87 |    87 ||   174
       Kick              |     6 |    36 ||    42
 Fire: Hunting sling     |       |   127 ||   127
  Use: Potion            |     3 |       ||     3
 Stab: Sleeping          |     3 |       ||     3
  Eat: Chunk             |     2 |     9 ||    11
       Ration            |       |     1 ||     1
Armor: Leather armour    |    20 |    31 ||    51
       Skin              |     7 |       ||     7
       Plate armour      |       |    13 ||    13
Dodge: Dodged            |    60 |    85 ||   145

Table legend:
 A = Non-vault XP
 B = Vault XP
 C = Vault XP percentage of total XP
 D = Non-vault monster count
 E = Vault monster count
 F = Vault count percentage of total count
                 A         B        C        D         E       F
            +---------+---------+-------+---------+---------+-------
      Total |     583 |       3 |   0.5 |      80 |       2 |   2.4
            +---------+---------+-------+---------+---------+-------
        D:1 |      28 |       3 |   9.7 |      18 |       2 |  10.0
        D:2 |     125 |       0 |   0.0 |      21 |       0 |   0.0
        D:3 |     243 |       0 |   0.0 |      30 |       0 |   0.0
        D:4 |      86 |       0 |   0.0 |       6 |       0 |   0.0
        D:5 |     101 |       0 |   0.0 |       5 |       0 |   0.0
            +---------+---------+-------+---------+---------+-------
